 Dungeon Crawl Stone Soup version 0.30-a0-322-g102857c98e (webtiles) character file.

Game seed: 13010736029094310590

16 KayVoo the Trooper (level 2, 0/27 HPs)
             Began as a Hill Orc Fighter on Oct 27, 2022.
             Slain by a hobgoblin (2 damage)
             ... on level 1 of the Dungeon.
             The game lasted 00:06:27 (203 turns).

KayVoo the Trooper (Hill Orc Fighter)                Turns: 203, Time: 00:06:28

Health: 0/27       AC:  6    Str: 18    XL:     2   Next: 58%
Magic:  2/2        EV:  6    Int:  8    God:
Gold:   34         SH:  4    Dex: 10    Spells: 1/1 levels left

rFire   . . .      SeeInvis .    a - +0 flail
rCold   . . .      Faith    .    c - +0 buckler
rNeg    . . .      Spirit   .    b - +0 scale mail
rPois   .          Reflect  .    (no helmet)
rElec   .          Harm     .    (no cloak)
rCorr   .          Rampage  .    (no gloves)
Will    .....                    (no boots)
Stlth   ..........               (no amulet)
HPRegen 0.24/turn                (no ring)
MPRegen 0.08/turn                (no ring)

@: constricted
A: no striking features
a: no special abilities


You were on level 1 of the Dungeon.
You visited 1 branch of the dungeon, and saw 1 of its levels.

You collected 34 gold pieces.

Inventory:

Hand Weapons
 a - a +0 flail (weapon)
 f - a +0 club
 g - a +0 short sword
 i - a +0 dagger
 j - a +0 whip
Missiles
 e - 12 stones (quivered)
Armour
 b - a +0 scale mail (worn)
 c - a +0 buckler (worn)
Magical Staves
 h - a staff of poison
Potions
 d - a potion of might


   Skills:
 + Level 4.0 Fighting
 + Level 2.3 Maces & Flails
 + Level 3.4 Armour
 + Level 3.6 Shields


You had one spell level left.
You didn't know any spells.
Your spell library was empty.

Dungeon Overview and Level Annotations

Branches:
Dungeon (1/15)

Altars:


Message History

The jackal bites you.
The jackal bites you but does no damage.
You barely miss the jackal.
The jackal is heavily wounded.
The jackal bites you but does no damage.
You block the jackal's attack.
You hit the jackal.
You kill the jackal!
The hobgoblin hits you.
Your Fighting skill increases to level 4!
You barely miss the hobgoblin.
A ball python comes into view.
The hobgoblin barely misses you.
The ball python hisses angrily.
You hit the hobgoblin.
The hobgoblin is moderately wounded.
The hobgoblin hits you but does no damage.
You closely miss the hobgoblin.
The hobgoblin is moderately wounded.
The hobgoblin hits you but does no damage.
The ball python barely misses you. The ball python grabs you.
The ball python constricts you. The hobgoblin hits you.
* * * LOW HITPOINT WARNING * * *
You barely miss the ball python. You block the ball python's attack.
The ball python constricts you. The hobgoblin hits you.
* * * LOW HITPOINT WARNING * * *
The ball python bites you.
* * * LOW HITPOINT WARNING * * *
The ball python constricts you.
You barely miss the ball python. The hobgoblin hits you.
* * * LOW HITPOINT WARNING * * *
The ball python bites you but does no damage.
The ball python constricts you.
You barely miss the ball python. You block the ball python's attack.
The ball python constricts you. The hobgoblin barely misses you.
The ball python bites you but does no damage.
The ball python constricts you. The hobgoblin closely misses you.
You closely miss the ball python. The ball python barely misses you.
The ball python constricts you. The hobgoblin hits you.
You die...

# .##. .## ... ...
#.##.# ############
.....###...........
###.#..#...##########
...#..#.#### #......
#g#.......# #.#####
#S@.##.##.# #.#####
......>..##.# # #......
##.#....................
.$....≈≈≈≈≈≈≈≈≈#####≈≈≈
#.##.#.≈####### #≈## .
.$.#.≈# ### .## #.≈#
..≈#


You could see a hobgoblin and a ball python.

Vanquished Creatures
  A giant cockroach (D:1)
  2 goblins (D:1)
  A hobgoblin (D:1)
  4 jackals (D:1)
  A quokka (D:1)
  2 bats (D:1)
  2 kobolds (D:1)
  2 rats (D:1)
15 creatures vanquished.

Notes
Turn   | Place    | Note
-------+----------+-------------------------------------------
     0 | D:1      | KayVoo the Hill Orc Fighter began the quest for the Orb.
     0 | D:1      | Reached XP level 1. HP: 19/19 MP: 1/1
   106 | D:1      | Reached XP level 2. HP: 25/27 MP: 2/2
   197 | D:1      | Reached skill level 4 in Fighting
   203 | D:1      | Slain by a hobgoblin

Illustrated notes

Levels and vault maps discovered:
D:1:      saegor_arrival_fortress, layout_basic, minmay_stone_trees_small

Skill      XL: |  1  2 |
---------------+-------+-----
Fighting       | 4 |  4.0
Maces & Flails | |  2.3
Armour         | |  3.4
Shields        | |  3.6

Action                   || total
-------------------------++-------
Melee: Flail             ||    69
Armor: Scale mail        ||    61
Dodge: Dodged            ||    61
Block: Buckler           ||    26

Table legend: (Time is in decaauts)
 A = Elapsed time spent in this place.
 B = Non-inter-level travel time spent in this place.
 C = Inter-level travel time spent in this place.
 D = Time resting spent in this place.
 E = Time spent auto-exploring this place.
 F = Levels seen in this place.
 G = Mean time per level.
                   A        B        C        D        E       F      G
               +--------+--------+--------+--------+--------+-----+--------+
         Total |    225 |    145 |     80 |      0 |      0 |   1 |  225.0 |
       Dungeon |    225 |    145 |     80 |      0 |      0 |   1 |  225.0 |
               +--------+--------+--------+--------+--------+-----+--------+

Top non-repeatable levels by time:
     D:1: 225 daAuts
